 Dungeon Crawl Stone Soup version 0.27-a0-29-g2d0a2396b0 (webtiles) character file.

Game seed: 17472926206749440591

146 pkoi the Insei (level 5, 0/45 HPs)
             Began as a Draconian Monk on Jan 4, 2021.
             Slain by a gnoll
             ... wielding a +0 spear
              (6 damage)
             ... on level 3 of the Dungeon.
             The game lasted 00:02:06 (2692 turns).

pkoi the Insei (Draconian Monk)                     Turns: 2692, Time: 00:02:06

Health: 0/45       AC:  6    Str: 13    XL:     5   Next: 7%
Magic:  5/5        EV: 13    Int: 13    God:
Gold:   104        SH:  0    Dex: 14    Spells: 4/4 levels left

rFire    . . .     SeeInvis .     - Unarmed
rCold    . . .     Faith    .   (no shield)
rNeg     . . .     Spirit   .   (armour unavailable)
rPois    +         Reflect  .   (helmet restricted)
rElec    .         Harm     .   (no cloak)
rCorr    .         Rampage  .   (no gloves)
Will     .....                  k - +0 pair of boots
Stlth    ++........             (no amulet)
HPRegen  0.15/turn              j - ring of poison resistance
MPRegen  0.09/turn              (no ring)

@: attractive
A: unfitting armour, clever 1, cold-blooded, subdued magic 1, AC +5
a: no special abilities


You were on level 3 of the Dungeon.
You visited 1 branch of the dungeon, and saw 3 of its levels.

You collected 104 gold pieces.

Inventory:

Missiles
 m - 17 poisoned darts (quivered)
Armour
 k - a +0 pair of boots (worn)
Jewellery
 d - an uncursed ring of fire
 g - an uncursed amulet of magic regeneration
 j - a ring of poison resistance (left hand)
Scrolls
 a - 3 scrolls of identify {unknown}
 b - 3 scrolls of remove curse {unknown}
 h - 2 scrolls of magic mapping {unknown}
Potions
 i - a potion of invisibility {unknown}
 l - a potion of lignification {unknown}
 n - a potion of flight {unknown}


   Skills:
 - Level 3.2 Fighting
 - Level 2.6 Dodging
 - Level 1.7 Stealth
 + Level 5.8 Unarmed Combat


You had 4 spell levels left.
You didn't know any spells.
Your spell library was empty.

Dungeon Overview and Level Annotations

Branches:
Dungeon (3/15)

Altars:
Cheibriados


Innate Abilities, Weirdness & Mutations

Your plain brown scales are hard. (AC +5)
You cannot fit into any form of body armour.
You are cold-blooded and may be slowed by cold attacks.
Your mind is acute. (Int +2)
Your spells are a little easier to cast, but a little less powerful.


Message History

The gnoll misses you.
The gnoll hits you from afar with a +0 spear.
* * * LOW HITPOINT WARNING * * *
It was a potion of mutation.
You feel extremely strange.
Your connection to magic feels subdued.
You feel clever.
The orc priest hits you but does no damage.
The gnoll hits you from afar with a +0 spear.
* * * LOW HITPOINT WARNING * * *
It was a potion of magic.
Magic courses through your body.
The orc priest hits you but does no damage.
The orc wizard mumbles some strange words.
The orc wizard seems to speed up.
The gnoll hits you from afar with a +0 spear.
* * * LOW HITPOINT WARNING * * *
It was a potion of attraction.
You feel attractive to monsters.
The orc wizard mumbles some strange words.
The orc wizard blinks!
The orc priest misses you.
The gnoll hits you from afar with a +0 spear.
You die...

###########
###....#....##
#.o..#...# ..##
#{.go.##...##
#..##@......##
..o.. #..#......
#.##### ##..#####
##)# # #.#####.#
#######.##....#
...........#######
####.#........#..
#....#.###.#.###


You could see an orc priest, an orc wizard (fast) and a gnoll.

Vanquished Creatures
  A worker ant (D:3)
  4 gnolls
  2 adders (D:2)
  An ooze (D:1)
  2 worms (D:3)
  2 dart slugs (D:1)
  3 leopard geckos
  3 giant cockroaches
  2 goblins (D:2)
  6 hobgoblins
  5 kobolds
  3 quokkas
  9 bats
  9 frilled lizards
  2 rats
54 creatures vanquished.

Notes
Turn   | Place    | Note
-------+----------+-------------------------------------------
     0 | D:1      | pkoi the Draconian Monk began the quest for the Orb.
     0 | D:1      | Reached XP level 1. HP: 19/19 MP: 1/1
    98 | D:1      | You fall into a shaft and drop 1 floor!
   141 | D:1      | Reached XP level 2. HP: 23/26 MP: 2/2
   233 | D:1      | Reached skill level 4 in Unarmed Combat
   638 | D:1      | Reached XP level 3. HP: 31/31 MP: 3/3
  1648 | D:2      | Reached XP level 4. HP: 33/38 MP: 4/4
  1945 | D:3      | Reached skill level 5 in Unarmed Combat
  2171 | D:3      | Found a snail-covered altar of Cheibriados.
  2418 | D:3      | Reached XP level 5. HP: 25/45 MP: 5/5
  2690 | D:3      | Gained mutation: Your spells are a little easier to cast,
                  | but a little less powerful. [potion of mutation]
  2690 | D:3      | Gained mutation: Your mind is acute. (Int +2) [potion of
                  | mutation]
  2692 | D:3      | Slain by a gnoll

Illustrated notes

Levels and vault maps discovered:
D:1:      lightli_molten_gateway, layout_loops_ring
D:2:      layout_loops_ring, serial_park_tiny_pond,
          chequers_serial_rivers_micro_c
D:3:      minmay_thinvault, layout_loops_cross, old_standard_altar

Skill      XL: |  1  2  3  4 |
---------------+-------------+-----
Unarmed Combat | 4 5 |  5.8
Fighting       | |  3.2
Dodging        | |  2.6
Stealth        | |  1.7

Action                   |  1- 3 |  4- 6 || total
-------------------------+-------+-------++-------
Melee: Unarmed           |   125 |    58 ||   183
       Tailslap          |     8 |    11 ||    19
       Punch             |       |     1 ||     1
  Use: Potion            |       |     3 ||     3
 Stab: Sleeping          |     7 |     3 ||    10
       Distracted        |     1 |       ||     1
Armor: Skin              |    23 |    11 ||    34
Dodge: Dodged            |    87 |    23 ||   110

Table legend: (Time is in decaauts)
 A = Elapsed time spent in this place.
 B = Non-inter-level travel time spent in this place.
 C = Inter-level travel time spent in this place.
 D = Time resting spent in this place.
 E = Time spent auto-exploring this place.
 F = Levels seen in this place.
 G = Mean time per level.
                   A        B        C        D        E       F      G
               +--------+--------+--------+--------+--------+-----+--------+
         Total |   2676 |   2543 |    133 |    640 |   1458 |   3 |  892.0 |
       Dungeon |   2676 |   2543 |    133 |    640 |   1458 |   3 |  892.0 |
               +--------+--------+--------+--------+--------+-----+--------+

Top non-repeatable levels by time:
     D:2: 1145 daAuts
     D:1: 905 daAuts
     D:3: 625 daAuts
